 Dungeon Crawl Stone Soup version 0.29.1-2-gbd0b4ee654 (webtiles) character file.

Game seed: 10820171660746675469

44 Goreval the Poker (level 4, -5/37 HPs)
             Began as a Meteoran Gladiator on Nov 23, 2022.
             Slain by a gnoll
             ... wielding a +1 spear of venom
              (6 damage)
             ... on level 3 of the Dungeon on Nov 24, 2022.
             The game lasted 00:11:55 (966 turns).

Goreval the Poker (Meteoran Gladiator)               Turns: 966, Time: 00:11:56

Health: -5/37      AC:  5    Str: 18    XL:     4   Next: 10%
Magic:  5/5        EV: 13    Int:  9    God:
Gold:   62         SH:  0    Dex: 15    Spells: 3/3 levels left

rFire   . . .      SeeInvis .   a - +1 trident
rCold   . . .      Faith    .   (no shield)
rNeg    . . .      Spirit   .   b - +0 leather armour
rPois   .          Reflect  .   c - +0 helmet
rElec   .          Harm     .   (no cloak)
rCorr   .          Rampage  .   q - +0 pair of gloves
Will    .....                   (no boots)
Stlth   +.........              (no amulet)
HPRegen 0.12/turn               l - ring of flight
MPRegen 0.09/turn               (no ring)

@: lethally poisoned (-5 -> -8), flying, glowing
A: sense surroundings 1, otherworldly, glowing, explore regen
a: no special abilities


You were on level 3 of the Dungeon.
You visited 1 branch of the dungeon, and saw 4 of its levels.

You collected 62 gold pieces.

Inventory:

Hand Weapons
 a - a +1 trident (weapon)
Missiles
 d - 3 throwing nets
 e - a javelin
 f - 15 stones (quivered)
 j - 6 boomerangs
Armour
 b - a +0 leather armour (worn)
 c - a +0 helmet (worn)
 q - a +0 pair of gloves (worn)
Magical Staves
 o - a staff of fire
Jewellery
 l - a ring of flight (left hand)
Scrolls
 g - a scroll of amnesia
 i - 2 scrolls of summoning {unknown}
 m - a scroll of blinking {unknown}
Potions
 h - a potion of curing {unknown}
 k - a potion of might {unknown}
 n - a potion of magic {unknown}
 p - 2 potions of brilliance


   Skills:
 + Level 2.7 Fighting
 * Level 4.4 Polearms
 - Level 2.4 Throwing
 + Level 1.3 Armour
 + Level 4.0 Dodging


You had 3 spell levels left.
You didn't know any spells.
Your spell library was empty.

Dungeon Overview and Level Annotations

Branches:
Dungeon (4/15) Zot: 1420
 Temple: D:4-7

Altars:

Annotations:
D:2 Robin, Terence


Innate Abilities, Weirdness & Mutations

You passively map a small area around you.
You are easily found by Zot.
You glow in the dark.
You regain HP and MP as you explore.


Message History

Found a long runed staff.
A rat comes into view.
You see here a staff of fire.
o - a staff of fire You reach to attack!
You hit the rat.
You kill the rat!
The gnoll shouts!
Search for what [? for help]? armor The kobold throws a stone.
The stone hits you but does no damage.
The kobold throws a stone.
The stone barely misses you.
Here: a gnoll, wielding a +1 spear of venom The floor.
The kobold throws a stone.
The stone hits you but does no damage.
You reach to attack!
You hit the gnoll. The gnoll closely misses you.
You reach to attack!
You hit the gnoll.
The gnoll hits you from afar with a +1 spear of venom!
You are poisoned.
You reach to attack!
You barely miss the gnoll.
You feel very sick.
The gnoll hits you from afar with a +1 spear of venom.
You are lethally poisoned!
Okay, then.
You feel very sick.
You feel very sick.
You see here a +0 dagger.
* * * LOW HITPOINT WARNING * * *
You feel very sick.
* * * LOW HITPOINT WARNING * * *
You feel very sick.
* * * LOW HITPOINT WARNING * * *
You feel sick.
* * * LOW HITPOINT WARNING * * *
You feel sick.
* * * LOW HITPOINT WARNING * * *
You feel sick.
There is a stone staircase leading up here.
* * * LOW HITPOINT WARNING * * *
You feel sick.
The gnoll hits you from afar with a +1 spear of venom.
You die...

####### #...K.# ###.#)#
#g#g# #.#.# #@#K#
##########.###
##########.....g......#
.............K.......>#
...........#........#.#
############.####.#.#.#
,,....,........ , ,
**############### *, **


You could see a gnoll and a kobold.

Vanquished Creatures
  A gnoll (D:3)
  An endoplasm (D:2)
  3 giant cockroaches
  4 hobgoblins
  4 jackals (D:1)
  5 kobolds
  A quokka (D:1)
  5 ball pythons
  4 bats
  2 frilled lizards
  2 goblins
  2 rats
34 creatures vanquished.

Vanquished Creatures (others)
  2 plants (D:1)
2 creatures vanquished.

Grand Total: 36 creatures vanquished

Notes
Turn   | Place    | Note
-------+----------+-------------------------------------------
     0 | D:1      | Goreval the Meteoran Gladiator began the quest for the Orb.
     0 | D:1      | Reached XP level 1. HP: 17/17 MP: 2/2
    72 | D:1      | Reached XP level 2. HP: 24/24 MP: 3/3
   159 | D:2      | Noticed Robin
   288 | D:2      | Noticed Terence
   308 | D:1      | Reached skill level 1 in Armour
   308 | D:1      | Reached XP level 3. HP: 30/30 MP: 4/4
   830 | D:2      | Reached XP level 4. HP: 13/37 MP: 5/5
   966 | D:3      | HP: 1/37 [poisoned by a gnoll]
   966 | D:3      | Slain by a gnoll

Illustrated notes

Levels and vault maps discovered:
D:1:      eino_arrival_cavern_b, layout_basic, serial_bayou_pond_c
D:2:      layout_rooms, grunt_decor_arrowhead, uniq_terence, uniq_robin
D:3:      layout_basic, old_standard_altar, chequers_mini_garden, uniq_jessica,
          uniq_crazy_yiuf_cottage, uniq_sigmund
D:4:      layout_basic, hangedman_abyss_or_decor_stabs, uniq_menkaure

Skill      XL: |  1  2  3 |
---------------+----------+-----
Polearms       | 4 |  4.4
Armour         | 1 |  1.3
Dodging        | 4 |  4.0
Fighting       | |  2.7
Throwing       | |  2.4

Action                   |  1- 3 |  4- 6 || total
-------------------------+-------+-------++-------
Melee: Trident           |    84 |     9 ||    93
Throw: Stone             |     1 |       ||     1
       Boomerang         |     1 |       ||     1
  Use: Scroll            |     4 |       ||     4
Armor: Leather armour    |    32 |     2 ||    34
Dodge: Dodged            |    61 |     4 ||    65
